 Dungeon Crawl Stone Soup version 0.29-a0-72-g1732ff48e7 (webtiles) character file.

Game seed: 3045057270167885247

10 Spectrina the Skirmisher (level 2, 24/24 HPs)
             Began as a Djinni Warper on Feb 4, 2022.
             Quit the game on level 1 of the Dungeon.
             The game lasted 00:02:22 (426 turns).

Spectrina the Skirmisher (Djinni Warper)             Turns: 426, Time: 00:02:23

Health: 24/24      AC:  3    Str: 10    XL:     2   Next: 30%
Gold:   14         EV: 11    Int: 14    God:
                   SH:  0    Dex: 12

rFire   + + .      SeeInvis .     - Unarmed
rCold   x . .      Faith    .   (no shield)
rNeg    . . .      Spirit   .   a - +0 leather armour
rPois   ∞          Reflect  .   (no helmet)
rElec   .          Harm     .   (no cloak)
rCorr   .          Rampage  .   (no gloves)
Will    .....                   (boots unavailable)
Stlth   +.........              (no amulet)
HPRegen 0.08/turn               (no ring)
MPRegen 0.00/turn               (no ring)

@: flying
A: sickness immunity, fire resistance 2, cold vulnerability 1, float, innate
caster, HP casting, extra vitality 1
a: no special abilities


You were on level 1 of the Dungeon.
You visited 1 branch of the dungeon, and saw 1 of its levels.

You collected 14 gold pieces.

Inventory:

Missiles
 c - 5 boomerangs of dispersal (quivered)
Armour
 a - a +0 leather armour (worn)
Scrolls
 b - a scroll of blinking
Potions
 d - a potion of curing {unknown}


   Skills:
 + Level 2.8 Fighting
 - Level 0.7 Throwing
 - Level 1.0 Armour
 - Level 2.1 Dodging
 - Level 2.0 Unarmed Combat
 - Level 2.4 Spellcasting


You couldn't memorise any spells.
You knew the following spells:

 Your Spells              Type           Power      Damage    Failure   Level
a - Blink                 Tloc           16%        N/A       17%         2
b - Lesser Beckoning      Tloc           8%         N/A       34%         3
c - Gell's Gravitas       Tloc           8%         N/A       34%         3
d - Teleport Other        Tloc           8%         N/A       34%         3
e - Manifold Assault      Tloc           8%         N/A       97%         5
Your spell library was empty.

Dungeon Overview and Level Annotations

Branches:
Dungeon (1/15)

Altars:


Innate Abilities, Weirdness & Mutations

You are immune to sickness and miasma.
You are immune to poison.
Your flesh is very heat resistant. (rF++)
You are vulnerable to cold. (rC-)
You float through the air rather than walking.
You learn spells naturally, not from books.
Your magical power is your life essence.
You have superior vitality. (+4 MHP)


Message History

The jackal barely misses you.
You hit the jackal but do no damage.
The jackal is almost dead.
The jackal bites you but does no damage.
You closely miss the jackal.
The jackal is almost dead.
The jackal closely misses you.
The hobgoblin hits you but does no damage.
You hit the hobgoblin.
The hobgoblin is lightly wounded.
The hobgoblin hits you.
You barely miss the hobgoblin.
The hobgoblin is lightly wounded.
You hit the hobgoblin.
You kill the hobgoblin!
You barely miss the jackal.
The jackal is almost dead.
The jackal bites you but does no damage. x2
You hit the jackal.
You kill the jackal!
You see here a hobgoblin corpse.
A ball python comes into view.
The ball python hisses angrily.
The ball python bites you but does no damage.
The ball python grabs you. The ball python constricts you.
You hit the ball python.
You kill the ball python!
Unknown command.
You barely miss the quokka. You hit the quokka but do no damage.
The quokka barely misses you. The quokka bites you.
* * * LOW HITPOINT WARNING * * *
You start resting.
The quokka twitches its whiskers.
You start resting.
HP restored.
You start waiting.
The quokka twitches its whiskers. x5
Done waiting.
Are you sure you want to abandon this character and quit the game? (Confirm with "yes".)

#...≈†≈≈≈≈.≈#.#
##.≈≈≈)≈≈≈≈≈##
#.≈≈≈≈≈≈≈≈..#
###.≈≈≈..≈≈.≈≈#
#..≈≈≈.≈<≈.≈≈≈#
#.#.≈.≈≈.≈≈≈≈.#
#.#..≈≈≈≈≈≈≈≈.#
###.≈≈≈≈≈≈≈≈≈.##
##...≈≈≈@≈≈r...#
#≈≈.≈.≈≈≈≈≈≈.≈.#
##≈≈≈≈.≈≈≈)..≈.#
#.≈≈≈≈..≈.#...## #
#..≈≈≈.#..##...#
#.##[≈≈≈.####..#.# .
#..#..≈.##.#r.####.h
..#..##..##....####.#
.....#####.†.##..h.#


You could see a quokka.

Vanquished Creatures
  A bat (D:1)
  2 goblins (D:1)
  A hobgoblin (D:1)
  2 jackals (D:1)
  A ball python (D:1)
  A frilled lizard (D:1)
  A rat (D:1)
9 creatures vanquished.

Vanquished Creatures (others)
  A withered plant (D:1)
1 creature vanquished.

Grand Total: 10 creatures vanquished

Notes
Turn   | Place    | Note
-------+----------+-------------------------------------------
     0 | D:1      | Spectrina the Djinni Warper began the quest for the Orb.
     0 | D:1      | Reached XP level 1. HP: 18/18 MP: 0/0
    87 | D:1      | Reached XP level 2. HP: 14/24 MP: 0/0
   426 | D:1      | Quit the game

Illustrated notes

Levels and vault maps discovered:
D:1:      dpeg_arrival_subterranean_lakeside_camping, layout_rooms,
          ebering_ecumenical_altar_petrified

Action                   || total
-------------------------++-------
Melee: Unarmed           ||    38
Armor: Leather armour    ||    18
Dodge: Dodged            ||    17

Table legend: (Time is in decaauts)
 A = Elapsed time spent in this place.
 B = Non-inter-level travel time spent in this place.
 C = Inter-level travel time spent in this place.
 D = Time resting spent in this place.
 E = Time spent auto-exploring this place.
 F = Levels seen in this place.
 G = Mean time per level.
                   A        B        C        D        E       F      G
               +--------+--------+--------+--------+--------+-----+--------+
         Total |    424 |    424 |      0 |    300 |      0 |   1 |  424.0 |
       Dungeon |    424 |    424 |      0 |    300 |      0 |   1 |  424.0 |
               +--------+--------+--------+--------+--------+-----+--------+

Top non-repeatable levels by time:
     D:1: 424 daAuts
